 Dungeon Crawl Stone Soup version 0.29.1 (webtiles) character file.

Game seed: 5774671790061779438

84513 Icepheonix32 the Spry (level 15, -16/134 HPs)
             Began as a Minotaur Fighter on Sept 14, 2022.
             Was the Champion of Okawaru.
             Demolished by a very large slime creature (52 damage)
             ... on level 15 of the Dungeon.
             The game lasted 00:55:09 (25015 turns).

Icepheonix32 the Spry (Minotaur Fighter)           Turns: 25015, Time: 00:55:09

Health: -16/134    AC: 24    Str: 29    XL:     15   Next: 35%
Magic:  20/20      EV: 23    Int:  9    God:    Okawaru [******]
Gold:   1406       SH: 16    Dex: 23    Spells: 14/14 levels left

rFire   + + .      SeeInvis +   n - +6 short sword of the Thing {flame, Drain rF+ Dex+2}
rCold   . . .      Faith    .   e - +2 kite shield {rF+}
rNeg    + . .      Spirit   .   B - +2 scale mail of Pupo {rN+ Str+4 Int+4}
rPois   .          Reflect  .   T - +0 hat
rElec   .          Harm     .   I - +1 cloak
rCorr   .          Rampage  .   O - +2 pair of gloves {Stlth+}
Will    +....                   q - +2 pair of boots
Stlth   +++.......              a - amulet of the acrobat
HPRegen 0.32/turn               X - ring "Maicirr" {Str+2 SInv}
MPRegen 0.17/turn               i - +6 ring of dexterity

@: studying 2 skills
A: horns 2, retaliatory headbutt, iridescent scales 2, MP-powered wands
a: Renounce Religion, Heroism, Finesse, Duel


You were on level 15 of the Dungeon.
You worshipped Okawaru.
Okawaru was exalted by your worship.
You visited 4 branches of the dungeon, and saw 23 of its levels.
You also visited: Volcano.

You collected 2724 gold pieces.
You spent 1318 gold pieces at shops.

Inventory:

Hand Weapons
 k - a +5 short sword
 n - the +6 short sword of the Thing (weapon) {flame, Drain rF+ Dex+2}
   (You found it on level 3 of the Dungeon)

   It burns those it strikes, dealing additional fire damage.
   Dex:       It affects your dexterity (+2).
   rF:        It protects you from fire.
   Drain:     It drains your maximum health when unequipped.
 J - a +2 scimitar of flaming
Missiles
 u - 7 silver boomerangs (quivered)
 C - 13 javelins
 K - 6 throwing nets
 P - a boomerang of dispersal
 Q - 14 boomerangs
Armour
 c - the +2 hat of a bailey {rC- Will+++ Regen+ Dex-5}
   (Okawaru gifted it to you on level 13 of the Dungeon)

   Dex:       It affects your dexterity (-5).
   rC:        It makes you vulnerable to cold.
   Regen:     It increases your rate of health regeneration.
   Will:      It greatly increases your willpower.
 e - a +2 kite shield of fire resistance (worn)
 p - the +4 ring mail of Ferocious the Leaf {Rampage rElec rC+ SInv}
   (You took it off a hobgoblin on level 3 of the Dungeon)

   rC:        It protects you from cold.
   rElec:     It insulates you from electricity.
   SInv:      It lets you see invisible.
   Rampage:   It bestows one free step when moving towards enemies.
 q - a +2 pair of boots (worn)
 B - the +2 scale mail of Pupo (worn) {rN+ Str+4 Int+4}
   (You found it on level 5 of the Lair of Beasts)

   Str:       It affects your strength (+4).
   Int:       It affects your intelligence (+4).
   rN:        It protects you from negative energy.
 I - a +1 cloak (worn)
 O - a +2 pair of gloves of stealth (worn)
 S - the +0 scale mail of Limitation {Fly Str+2}
   (Okawaru gifted it to you on level 1 of the Lair of Beasts)

   Str:       It affects your strength (+2).
   Fly:       It grants you flight.
 T - a +0 hat (worn)
 V - the +4 crystal plate armour of Darkness {Regen+ rCorr Str+8 Slay-6}
   (Okawaru gifted it to you on level 5 of the Lair of Beasts)

   Str:       It affects your strength (+8).
   Slay:      It affects your accuracy & damage with ranged weapons and melee
   (-6).
   Regen:     It increases your rate of health regeneration.
   rCorr:     It protects you from acid and corrosion.
Jewellery
 a - an amulet of the acrobat (around neck)
 g - a ring of magical power
 i - a +6 ring of dexterity (right hand)
 j - an amulet of faith
 H - a ring of willpower
 X - the ring "Maicirr" (left hand) {Str+2 SInv}
   (You found it on level 4 of the Lair of Beasts)

   [ring of see invisible]

   Str:       It affects your strength (+2).
   SInv:      It lets you see invisible.
Wands
 o - a wand of digging (13)
 s - a wand of light (5)
 w - a wand of flame (24)
 y - a wand of mindburst (39)
 A - a wand of iceblast (12)
 G - a wand of polymorph (5)
Scrolls
 b - 2 scrolls of amnesia
 t - 6 scrolls of fear
 v - 9 scrolls of teleportation
 D - 2 scrolls of torment
 E - 5 scrolls of identify
 N - 4 scrolls of enchant weapon
 R - 5 scrolls of poison
 Y - 3 scrolls of blinking
 Z - a scroll of magic mapping
Potions
 d - 3 potions of might
 f - 6 potions of mutation
 h - a potion of attraction
 l - 6 potions of curing
 r - 5 potions of flight
 x - 3 potions of lignification
 z - a potion of haste
 F - a potion of invisibility
 L - 5 potions of brilliance
 M - 2 potions of resistance
 U - 3 potions of cancellation


   Skills:
 + Level 12.9 Fighting
 + Level 14.7 Short Blades
 - Level 5.1 Axes
 + Level 2.5 Throwing
 * Level 11.0 Armour
 * Level 17.0 Dodging
 + Level 6.5 Stealth
 + Level 13.2 Shields
 * Level 9.1 Invocations
 * Level 7.1 Evocations


You had 14 spell levels left.
You didn't know any spells.
Your spell library contained the following spells:

 Spells                   Type           Power      Damage    Failure   Level
 Freeze                   Ice            0%         1d3       82%         1
 Shock                    Conj/Air       0%         1d3       82%         1
 Sting                    Tmut/Pois      0%         1d3       82%         1
 Blink                    Tloc           0%         N/A       91%         2
 Poisonous Vapours        Pois/Air       0%         N/A       91%         2
 Sublimation of Blood     Necr           0%         N/A       91%         2
 Frozen Ramparts          Ice            0%         1d1       99%         3
 Gell's Gravitas          Tloc           0%         N/A       99%         3
 Ignite Poison            Fire/Tmut/Pois 0%         N/A       99%         3
 Lesser Beckoning         Tloc           0%         N/A       99%         3
 Mephitic Cloud           Conj/Pois/Air  0%         N/A       99%         3
 Ozocubu's Armour         Ice            0%         N/A       99%         3
 Swiftness                Air            0%         N/A       99%         3
 Teleport Other           Tloc           0%         N/A       99%         3
 Airstrike                Air            0%         2d(0-16)  100%        4
 Hailstorm                Conj/Ice       0%         3d3       100%        4
 Ice Form                 Ice/Tmut       0%         N/A       100%        4
 Olgreb's Toxic Radiance  Pois           0%         N/A       100%        4
 Passage of Golubria      Tloc           0%         N/A       100%        4
 Petrify                  Tmut/Erth      0%         N/A       100%        4
 Freezing Cloud           Conj/Ice/Air   0%         6-21      100%        5
 Irradiate                Conj/Tmut      0%         3d11      100%        5
 Manifold Assault         Tloc           0%         N/A       100%        5
 Metabolic Englaciation   Hex/Ice        0%         N/A       100%        5
 Silence                  Hex/Air        0%         N/A       100%        5
 Yara's Violent Unravell  Hex/Tmut       0%         3d3       100%        5
 Statue Form              Tmut/Erth      0%         N/A       100%        6
 Ozocubu's Refrigeration  Ice            0%         4d7       100%        7
 Lehudib's Crystal Spear  Conj/Erth      0%         10d2      100%        8
 Tukima's Dance           Hex            Unusable   N/A       N/A         3
 Summon Ice Beast         Ice/Summ       Unusable   N/A       N/A         4

Dungeon Overview and Level Annotations

Branches:
Dungeon (15/15)            Temple (1/1) D:4            Lair (5/5) D:9
 Shoals (0/4) Lair:3        Snake (0/4) Lair:2          Orc (2/2) D:11
    Elf (0/3) Orc:2        Vaults (0/5) D:14         Depths (0/4) D:15
Volcano (visited)
  Slime: Lair:4-5

Altars:
Ashenzari
Cheibriados
Dithmenos
Elyvilon
Fedhas
Gozag
Hepliaklqana
Kikubaaqudgha
Makhleb
Nemelex Xobeh
Okawaru
Qazlal
Ru
Sif Muna
Trog
Uskayaw
Vehumet
Wu Jian
Xom
Yredelemnul
Zin
The Shining One
Jiyva

Shops:
D:15 *   Orc:2 *(?[

Annotations:
Lair:4 exclusion: oklob plant


Innate Abilities, Weirdness & Mutations

You have a pair of horns on your head.
You reflexively headbutt those who attack you in melee.
You are mostly covered in iridescent scales. (AC +4)
You expend magic power (3 MP) to strengthen your wands.


Message History

You puncture the green ugly thing! You burn the green ugly thing.
You headbutt the green ugly thing!!
The green ugly thing is heavily wounded.
A large slime creature splits.
The green ugly thing closely misses you.
You furiously retaliate!
You headbutt the green ugly thing! You hit the green ugly thing.
You burn the green ugly thing.
Your headbutt misses the green ugly thing.
The green ugly thing is almost dead.
You puncture the green ugly thing! You burn the green ugly thing.
You kill the green ugly thing!
Okawaru accepts your kill.
Two slime creatures merge to form a large slime creature.
Two slime creatures merge to form a very large slime creature.
Unknown command.
You puncture the very large slime creature!
You burn the very large slime creature.
You headbutt the very large slime creature!
The very large slime creature is lightly wounded.
The very large slime creature hits you!!
* * * LOW HITPOINT WARNING * * *
You hit the very large slime creature. You burn the very large slime creature.
The very large slime creature is moderately wounded.
Unknown command.
You puncture the very large slime creature!
You burn the very large slime creature.
You headbutt the very large slime creature!
The very large slime creature is moderately wounded.
The very large slime creature completely misses you.
You furiously retaliate!
You headbutt the very large slime creature!
You hit the very large slime creature. You burn the very large slime creature.
The very large slime creature is heavily wounded.
You feel like a meek peon again.
Unknown command.
You puncture the very large slime creature!
You burn the very large slime creature.
The very large slime creature is heavily wounded.
The very large slime creature hits you!!!
You die...

....#####...........#
..................).#
. ######...........#
#...#######.#
########...# .#
...........#######.#
...................#
########....######.#
#..#@# .# ....##J##
....##.†.##
..####.....# .
#.....# ##...## ##
##.## #.## ###..#
#...# #...###....##


You could see a very large slime creature.

Vanquished Creatures
  An orc warlord (Orc:1)
  2 very ugly things (D:15)
  Nessos (Arena)
  Josephine (D:11)
  Harold (D:11)
  A boulder beetle (D:14)
  A hydra (Lair:5)
  2 centaur warriors
  7 catoblepae
  5 two-headed ogres
  Erica (D:8)
  2 dancing weapons (D:14)
  10 death yaks (Lair:5)
  A tengu warrior (D:15)
  5 orc high priests (Orc:2)
  Nergalle (D:11)
  The ghost of nshep25 the Destroyer, a novice DrCj of Qazlal (D:8)
  3 skeletal warriors (D:12)
  A glowing orange brain (D:15)
  A deep troll (shapeshifter) (D:15)
  13 orc knights
  3 deep elf pyromancers
  8 slime creatures
  17 ugly things
  2 salamanders (Volcano)
  4 manticores
  3 black mambas
  5 elephants (Lair:5)
  8 cane toads
  2 torpor snails
  A gargoyle (D:12)
  A freezing wraith (D:14)
  11 komodo dragons
  An unseen horror (D:11)
  A kobold demonologist (D:8)
  6 rime drakes
  2 ice devils (Lair:3)
  4 trolls
  A polar bear (Lair:5)
  Prince Ribbit (D:6)
  8 blink frogs
  2 dream sheep (Lair:5)
  Sigmund (D:2)
  4 shadows
  3 vampires
  42 yaks
  4 wraiths
  3 basilisks (Lair:3)
  Eustachio (D:4)
  9 wyverns
  3 fire bats (Volcano)
  2 steam dragons
  6 vampire mosquitoes
  A human (D:11)
  4 wargs
  3 acid dragons
  3 hell hounds
  17 water moccasins
  3 ice beasts
  5 black bears
  A sky beast (D:7)
  34 orc warriors
  13 wolves
  5 ogres
  12 centaurs
  A phantom (D:5)
  2 kobold brigands
  A gnoll sergeant (D:11)
  9 bullfrogs
  A necrophage (D:5)
  11 wights
  The ghost of cbfl8 the Chopper, a weakling MiBe of Trog (D:3)
  6 killer bees (D:9)
  4 howler monkeys
  2 electric eels
  A hound (D:7)
  A jelly (D:5)
  Crazy Yiuf (D:7)
  24 orc priests
  4 iguanas
  2 gnoll boudas
  17 orc wizards
  20 gnolls
  7 adders
  A white imp (D:8)
  An ufetubus (D:5)
  A worm (D:2)
  82 orcs
  6 endoplasms
  3 giant cockroaches
  8 goblins
  10 hobgoblins
  3 quokkas
  5 ball pythons
  9 bats
  3 frilled lizards
  11 kobolds
  4 rats (D:1)
593 creatures vanquished.

Vanquished Creatures (others)
  A two-headed ogre (Volcano)
  52 fungi
  68 plants
  7 toadstools (Lair:4)
128 creatures vanquished.

Grand Total: 721 creatures vanquished

Notes
Turn   | Place    | Note
-------+----------+-------------------------------------------
     0 | D:1      | Icepheonix32 the Minotaur Fighter began the quest for the
                  | Orb.
     0 | D:1      | Reached XP level 1. HP: 19/19 MP: 0/0
   216 | D:1      | Found a faded altar of an unknown god.
   279 | D:1      | Reached XP level 2. HP: 27/27 MP: 1/1
   900 | D:2      | Reached XP level 3. HP: 34/34 MP: 2/2
   982 | D:2      | Noticed Sigmund
   987 | D:2      | Killed Sigmund
   988 | D:2      | Reached skill level 5 in Fighting
   988 | D:2      | Reached skill level 5 in Axes
   988 | D:2      | Reached XP level 4. HP: 19/42 MP: 3/3
   988 | D:2      | Reached XP level 5. HP: 21/48 MP: 4/4
  1539 | D:3      | Identified the +6 short sword of the Thing {flame, Drain
                  | rF+ Dex+2}
  1574 | D:3      | Identified the +4 ring mail of Ferocious the Leaf {Rampage
                  | rElec rC+ SInv}
  2003 | D:3      | Found a transporter.
  2004 | D:3      | Found a transporter.
  2012 | D:3      | Identified the +3 spear of Zaaloyqu {pain, Str+9}
  2260 | D:4      | Reached skill level 1 in Dodging
  2260 | D:4      | Reached XP level 6. HP: 54/56 MP: 5/5
  2387 | D:4      | Reached skill level 5 in Armour
  2688 | D:4      | Noticed Eustachio
  2706 | D:4      | Killed Eustachio
  2707 | D:4      | Reached skill level 1 in Short Blades
  2707 | D:4      | Reached skill level 2 in Dodging
  2861 | D:4      | Reached XP level 7. HP: 61/62 MP: 6/6
  3020 | D:4      | Found a staircase to the Ecumenical Temple.
  3029 | Temple   | Entered the Ecumenical Temple
  3104 | Temple   | Became a worshipper of Warmaster Okawaru
  3152 | D:5      | Entered Level 5 of the Dungeon
  3501 | D:5      | Reached * piety under Okawaru
  3502 | D:5      | Reached skill level 3 in Dodging
  3556 | D:5      | Found a snail-covered altar of Cheibriados.
  3556 | D:5      | Found a broken altar of Ashenzari.
  3850 | D:5      | Found a bloodstained altar of Trog.
  4095 | D:5      | Reached XP level 8. HP: 71/71 MP: 7/7
  4250 | D:5      | Identified a scroll of acquirement
  4251 | D:5      | Acquired a manual of Dodging
  4272 | D:6      | Noticed Prince Ribbit
  4279 | D:6      | Reached ** piety under Okawaru
  4280 | D:6      | Reached skill level 5 in Short Blades
  4280 | D:6      | Reached skill level 4 in Dodging
  4283 | D:6      | Killed Prince Ribbit
  4359 | D:6      | Reached skill level 5 in Dodging
  4915 | D:6      | Found a sacrificial altar of Ru.
  4917 | D:6      | Found a sparkling altar of Nemelex Xobeh.
  4921 | D:6      | Found a blossoming altar of Fedhas.
  4924 | D:6      | Found a glowing silver altar of Zin.
  4924 | D:6      | Found a shadowy altar of Dithmenos.
  4926 | D:6      | Found a burning altar of Makhleb.
  4931 | D:6      | Found a hazy altar of Hepliaklqana.
  4935 | D:6      | Reached skill level 6 in Dodging
  4935 | D:6      | Reached XP level 9. HP: 80/80 MP: 8/8
  5273 | D:7      | Reached *** piety under Okawaru
  5359 | D:7      | Reached skill level 1 in Stealth
  5359 | D:7      | Reached skill level 5 in Shields
  5411 | D:7      | Found a runed translucent door.
  5412 | D:7      | Noticed Crazy Yiuf
  5479 | D:7      | Reached skill level 7 in Dodging
  5845 | D:7      | Killed Crazy Yiuf
  5996 | D:8      | Noticed Erica
  6007 | D:8      | Killed Erica
  6008 | D:8      | Reached skill level 8 in Dodging
  6181 | D:8      | Reached **** piety under Okawaru
  6297 | D:8      | Found a runed translucent gate.
  6297 | D:8      | Found a runed translucent gate.
  6299 | D:8      | Found a runed translucent gate.
  6299 | D:8      | Noticed nshep25's ghost (novice DrCj)
  6300 | D:8      | Found an opulent altar of Gozag.
  6302 | D:8      | Noticed a kobold demonologist
  6478 | D:8      | Gained mutation: You are frail. (-10% HP) [potion of
                  | mutation]
  6478 | D:8      | Gained mutation: Armour fits poorly on your strangely
                  | shaped body. [potion of mutation]
  6478 | D:8      | Gained mutation: You are partially covered in iridescent
                  | scales. (AC +2) [potion of mutation]
  6595 | D:8      | Killed a kobold demonologist
  6596 | D:8      | Reached XP level 10. HP: 81/81 MP: 9/9
  6608 | D:8      | Killed nshep25's ghost
  6608 | D:8      | Received a gift from Okawaru
  6609 | D:8      | Reached skill level 9 in Dodging
  6817 | D:3      | Noticed cbfl8's ghost (weakling MiBe)
  6823 | D:3      | Killed cbfl8's ghost
  7090 | D:9      | Reached skill level 10 in Dodging
  7098 | D:9      | Reached ***** piety under Okawaru
  7191 | D:9      | Found a staircase to the Lair.
  7195 | D:9      | Identified the +1 spear "Tucecui" {vorpal, rElec Str+4}
  7489 | D:9      | Reached skill level 1 in Invocations
  7614 | D:9      | Reached skill level 11 in Dodging
  7833 | D:9      | Received a gift from Okawaru
  8095 | D:10     | Entered Level 10 of the Dungeon
  8120 | D:10     | Reached XP level 11. HP: 57/89 MP: 11/11
  8259 | D:10     | Reached skill level 10 in Fighting
  8422 | D:10     | Reached skill level 10 in Short Blades
  9117 | D:11     | Found a staircase to the Orcish Mines.
  9123 | D:11     | Reached skill level 1 in Throwing
  9680 | D:11     | Noticed Josephine
  9681 | D:11     | Noticed Harold
  9682 | D:11     | Noticed Nergalle
  9820 | D:11     | Reached skill level 12 in Dodging
  9893 | D:11     | Killed Josephine
 10543 | D:11     | Killed Nergalle
 10548 | D:11     | Lost mutation: You are partially covered in iridescent
                  | scales. (AC +2) [potion of mutation]
 10548 | D:11     | Lost mutation: Armour fits poorly on your strangely shaped
                  | body. [potion of mutation]
 10548 | D:11     | Lost mutation: You are frail. (-10% HP) [potion of
                  | mutation]
 10548 | D:11     | Gained mutation: You are partially covered in iridescent
                  | scales. (AC +2) [potion of mutation]
 10548 | D:11     | Gained mutation: You have hidden genetic potential. [potion
                  | of mutation]
 10693 | D:11     | Killed Harold
 10859 | D:12     | Reached skill level 13 in Dodging
 10876 | D:12     | Received a gift from Okawaru
 11040 | D:12     | Noticed a skeletal warrior
 11044 | D:12     | Noticed a skeletal warrior
 11044 | D:12     | Noticed a skeletal warrior
 11060 | D:12     | Noticed a two-headed ogre
 11070 | D:12     | Killed a skeletal warrior
 11072 | D:12     | Killed a skeletal warrior
 11073 | D:12     | Reached XP level 12. HP: 95/110 MP: 14/14
 11089 | D:12     | Killed a two-headed ogre
 11095 | D:12     | Reached skill level 5 in Invocations
 11369 | D:12     | Reached ****** piety under Okawaru
 11410 | D:12     | Reached skill level 1 in Evocations
 11650 | Lair:1   | Entered Level 1 of the Lair of Beasts
 11836 | Lair:1   | Reached skill level 14 in Dodging
 11992 | Lair:1   | Gained mutation: You expend magic power (3 MP) to
                  | strengthen your wands. [hidden potential]
 11997 | Lair:1   | Identified the +0 scale mail of Limitation {Fly Str+2}
                  | (Okawaru gifted it to you on level 1 of the Lair of Beasts)
 11997 | Lair:1   | Received a gift from Okawaru
 12934 | Lair:2   | Found a basalt altar of Yredelemnul.
 12961 | Lair:2   | Noticed a catoblepas
 12979 | Lair:2   | Killed a catoblepas
 13000 | Lair:2   | Found a staircase to the Snake Pit.
 13523 | Lair:3   | You fall into a shaft and drop 2 floors!
 13523 | Lair:5   | Entered Level 5 of the Lair of Beasts
 13528 | Lair:5   | Noticed a death yak
 13532 | Lair:5   | Noticed a death yak
 13546 | Lair:5   | Killed a death yak
 13547 | Lair:5   | Reached skill level 5 in Stealth
 13563 | Lair:5   | Killed a death yak
 13564 | Lair:5   | Reached XP level 13. HP: 86/116 MP: 16/16
 13628 | Lair:5   | Reached skill level 10 in Shields
 13764 | Lair:5   | Identified the +1 scale mail "Unae" {rCorr Int+2}
 13772 | Lair:5   | Received a gift from Okawaru
 13824 | Lair:5   | Gained mutation: You are mostly covered in iridescent
                  | scales. (AC +4) [hidden potential]
 13824 | Lair:5   | Lost mutation: You have hidden genetic potential. [hidden
                  | potential expressed]
 13873 | Lair:5   | Identified the +4 crystal plate armour of Darkness {Regen+
                  | rCorr Str+8 Slay-6} (Okawaru gifted it to you on level 5 of
                  | the Lair of Beasts)
 13873 | Lair:5   | Received a gift from Okawaru
 13884 | Lair:5   | Reached skill level 15 in Dodging
 14026 | Lair:5   | Noticed Nessos
 14032 | Arena    | Entered the Arena
 14045 | Arena    | Killed Nessos
 14223 | Lair:5   | Found a dark tunnel.
 14231 | Volcano  | Entered a volcano
 14536 | Volcano  | Received a gift from Okawaru
 15396 | Lair:5   | Reached skill level 5 in Evocations
 15465 | Lair:5   | Reached XP level 14. HP: 88/126 MP: 18/18
 16107 | Lair:5   | Identified the +2 scale mail of Pupo {rN+ Str+4 Int+4}
 16117 | Lair:5   | Identified the +6 mace "Zoas" {vamp, Fragile Will+ SInv}
 16422 | Lair:4   | Identified the +2 flail "Jelly's Demise" {vorpal, *Noise
                  | rPois Will+}
 16892 | Lair:4   | Found a viscous altar of Jiyva.
 17084 | Lair:4   | Found a runed translucent door.
 17237 | Lair:4   | Identified the +1 pair of gloves of Okawaru's Outrage {rF+}
                  | (Okawaru gifted it to you on level 4 of the Lair of Beasts)
 17237 | Lair:4   | Received a gift from Okawaru
 17804 | Lair:4   | Identified the ring "Maicirr" {Str+2 SInv}
 18021 | Lair:3   | Found a staircase to the Shoals.
 18927 | Orc:1    | Entered Level 1 of the Orcish Mines
 19350 | Orc:1    | Noticed an orc warlord
 19373 | Orc:1    | Reached skill level 16 in Dodging
 19377 | Orc:1    | Killed an orc warlord
 19518 | Orc:2    | Entered Level 2 of the Orcish Mines
 20005 | Orc:2    | Found a staircase to the Elven Halls.
 20661 | Orc:2    | Reached skill level 10 in Armour
 21887 | Orc:2    | Found Bacal's Assorted Antiques.
 21890 | Orc:2    | Found Soptoijug's Magic Scroll Shoppe.
 21893 | Orc:2    | Found Votiergh's Antique Armour Emporium.
 21894 | Orc:2    | Found Gesuybbo's Antique Weapon Emporium.
 21904 | Orc:2    | Bought a scroll of acquirement for 832 gold pieces
 21904 | Orc:2    | Bought a scroll of magic mapping for 120 gold pieces
 21904 | Orc:2    | Acquired a manual of Dodging
 21907 | Orc:2    | Bought a scroll of teleportation for 48 gold pieces
 21907 | Orc:2    | Bought a scroll of blinking for 120 gold pieces
 21907 | Orc:2    | Bought a scroll of teleportation for 48 gold pieces
 21909 | Orc:2    | Bought a brass ring for 150 gold pieces
 22221 | D:13     | Identified the +2 hat of a bailey {rC- Will+++ Regen+
                  | Dex-5} (Okawaru gifted it to you on level 13 of the
                  | Dungeon)
 22221 | D:13     | Received a gift from Okawaru
 23233 | D:14     | Reached XP level 15. HP: 97/134 MP: 20/20
 23794 | D:14     | Found a gate to the Vaults.
 24132 | D:15     | Entered Level 15 of the Dungeon
 24132 | D:15     | Found Ginoam's Assorted Antiques.
 24944 | D:15     | Found a staircase to the Depths.
 25008 | D:15     | Reached skill level 17 in Dodging
 25015 | D:15     | Demolished by a very large slime creature

Illustrated notes

Levels and vault maps discovered:
D:1:      tarquinn_simple_flora_water_c, layout_basic,
          shapermc_ecumenical_altar_mp_vishouse,
          wander_ebering_terrifying_dragon_lair
D:2:      layout_basic, uniq_sigmund
D:3:      layout_loops_cross, gammafunk_ghost_gnarly_gnolls
D:4:      layout_basic, minmay_temple_entry_poolview, corexii_hall_statues_l,
          hangedman_decor_growths, uniq_eustachio
D:5:      layout_layer_cave, gammafunk_temple_overflow_pools,
          mainiacjoe_overflow_six_doors_small
D:6:      layout_gridville, nicolae_overflow_hallway_of_the_gods,
          due_unseen_surprise, uniq_prince_ribbit1
D:7:      layout_basic, columned_hall_lemuel, uniq_crazy_yiuf_cottage
D:8:      layout_rooms, ebering_ghost_gozag, uniq_erica
D:9:      layout_loops_ring, due_lair_maze_entry_diamond
D:10:     layout_roguey, serial_corexii_hall, corexii_hall_statues_t,
          corexii_hall_statues_i, corexii_hall_statues_u, corexii_hall_statues_l
D:11:     layout_stronghold, erik_orc_4, uniq_josephine, uniq_nergalle,
          uniq_harold
D:12:     layout_rooms, nzn_life_drinkers
D:13:     layout_gridville
D:14:     cheibrodos_quadrivalence, layout_gridville, erik_vaults_1,
          serial_bayou_pond_a
D:15:     gammafunk_enter_depths_forms, layout_long_grid, minmay_crystal_water,
          serial_shops, nicolae_shop_overgrown_old_shop
Temple:   nicolae_temple_hex_pool
Lair:1:   layout_layer_cave, infiniplex_staircase_pool_2
Lair:2:   layout_long_grid, dummy_snake_entry, basic_altar, lemuel_fruit_fields,
          serial_bayou_shore_a
Lair:3:   layout_small_grid, minmay_shoals_entry_centaurs,
          portal_ice_cave_demonic_guard, eino_small_chamber_without_monster
Lair:4:   gammafunk_lair_enchanted_lake, layout_regular_city,
          minmay_slime_entry_oklob_enclosed, chequers_serial_rivers_room_b
Lair:5:   evilmike_catoblepas_cave, layout_regular_city, enter_volcano_3,
          uniq_nessos
Orc:1:    layout_diamond_mine, basic_altar
Orc:2:    st_orc_pillars, layout_diamond_mine

Skill      XL: |  1  2  3  4  5  6  7  8  9 10 11 12 13 14 15 |
---------------+----------------------------------------------+-----
Fighting       | 4 5 6 7 9 11 12 | 12.9
Armour         | 4 5 6 7 8 9 10 11 | 11.0
Axes           | 5 |  5.1
Dodging        | 1 2 3 6 8 11 13 14 15 16 17 | 17.0
Short Blades   | 2 4 6 8 9 11 12 13 14 | 14.7
Shields        | 4 5 7 8 9 11 12 13 | 13.2
Stealth        | 1 2 3 5 6 |  6.5
Invocations    | 2 4 6 7 8 9 |  9.1
Throwing       | 1 2 |  2.5
Evocations     | 3 5 6 7 |  7.1

Action                   |  1- 3 |  4- 6 |  7- 9 | 10-12 | 13-15 || total
-------------------------+-------+-------+-------+-------+-------++-------
Melee: War axe           |    61 |    17 |       |       |       ||    78
       Headbutt          |     7 |    15 |    47 |   206 |   466 ||   741
       Short sword       |       |    73 |   236 |   756 |  1513 ||  2578
Throw: Boomerang         |       |       |       |    16 |     6 ||    22
       Javelin           |       |       |       |       |     2 ||     2
Invok: Heroism           |       |       |     1 |     6 |    10 ||    17
       Duel              |       |       |       |       |     1 ||     1
Evoke: Wand              |       |       |     1 |     2 |    11 ||    14
  Use: Potion            |     1 |       |     9 |     3 |    12 ||    25
       Scroll            |       |       |    11 |     8 |     6 ||    25
 Stab: Sleeping          |       |       |     1 |    19 |    17 ||    37
       Distracted        |       |       |       |     2 |     2 ||     4
       Invisible         |       |       |       |     3 |     2 ||     5
       Petrified         |       |       |       |       |    10 ||    10
Armor: Scale mail        |    28 |    15 |       |       |   103 ||   146
       Ring mail         |       |    25 |    61 |   113 |   133 ||   332
Dodge: Dodged            |    30 |    47 |   104 |   371 |   602 ||  1154
Block: Buckler           |     9 |    14 |    55 |   212 |   115 ||   405
       Kite shield       |       |       |       |       |   573 ||   573
